 Dungeon Crawl Stone Soup version 0.22-a0-515-g75794bf (webtiles) character file.

10212 galech the Fighter (level 11, -5/122 (123) HPs)
             Began as an Ogre Berserker on June 19, 2018.
             Was an Elder of Trog.
             Slain by a warg (12 damage)
             ... led by an orc knight
             ... on level 1 of the Orcish Mines.
             The game lasted 00:22:40 (13769 turns).

galech the Fighter (Ogre Berserker)                Turns: 13769, Time: 00:22:41

HP:   -5/122 (123)  AC:  6    Str: 26    XL:     11   Next: 58%
MP:   11/11         EV: 11    Int:  8    God:    Trog [****..]
Gold: 999           SH:  0    Dex:  8    Spells: 10/10 levels left

rFire    . . .     SeeInvis .   F - +4 mace
rCold    . . .     Gourm    .   (no shield)
rNeg     . . .     Faith    .   C - +0 troll leather armour {Purgy}
rPois    .         Spirit   .   (helmet restricted)
rElec    .         Reflect  .   w - +0 cloak (curse)
rCorr    .         Harm     .   (gloves unavailable)
MR       +....                  (boots unavailable)
Stlth    +.........             (no amulet)
HPRegen  0.70/turn              (no ring)
MPRegen  0.12/turn              (no ring)

@: berserk cooldown, slowed, heavily drained, very slow
A: large, unfitting armour, tough skin 1
a: Berserk, Trog's Hand, Brothers in Arms, Renounce Religion


You were on level 1 of the Orcish Mines.
You worshipped Trog.
Trog was greatly pleased with you.
You were very hungry.

You visited 2 branches of the dungeon, and saw 12 of its levels.
You also visited: Sewer.

You collected 999 gold pieces.

Inventory:

Hand Weapons
 o - a +4 antimagic giant club
 z - a +3 flail
 F - a +4 mace (weapon)
Armour
 w - a cursed +0 cloak (worn)
 C - a +0 troll leather armour (worn) {Purgy}
 J - a +2 robe of cold resistance
 M - a +2 robe of magic resistance
Wands
 h - a wand of paralysis (9)
 t - a wand of polymorph (33)
 v - a wand of random effects (19)
 K - a wand of clouds (7)
Scrolls
 a - a scroll of identify
 b - a scroll of vulnerability
 e - 3 scrolls of remove curse
 i - 5 scrolls of fog
 j - 2 scrolls of random uselessness
 l - 7 scrolls of teleportation
 p - 2 scrolls of immolation
 r - 5 scrolls of blinking
 u - 2 scrolls of enchant weapon {unknown}
 x - 3 scrolls of magic mapping
 y - a scroll of enchant armour {unknown}
 H - 2 scrolls of fear
 I - 3 scrolls of amnesia {unknown}
 L - 3 scrolls of noise
Potions
 d - 4 potions of curing {unknown}
 g - 2 potions of ambrosia {unknown}
 k - 3 potions of berserk rage {unknown}
 m - 2 potions of flight {unknown}
 n - 3 potions of degeneration {unknown}
 q - 7 potions of haste {unknown}
 s - a potion of cancellation {unknown}
 A - a potion of heal wounds {unknown}
 B - a potion of magic {unknown}
 D - a potion of agility {unknown}
 E - a potion of might {unknown}
 G - 4 potions of lignification {unknown}
Comestibles
 c - 13 rations


   Skills:
 + Level 12.1(9.8) Fighting
 + Level 10.5(8.2) Maces & Flails
 + Level 4.7(2.7) Armour
 + Level 7.9(5.8) Dodging
 + Level 3.2(1.4) Stealth
 + Level 0.9(0.0) Unarmed Combat


You had 10 spell levels left.
You didn't know any spells.
Your spell library was empty.

Dungeon Overview and Level Annotations

Branches:
Dungeon (10/15)            Temple (0/1) D:7             Orc (2/2) D:10
    Elf (0/3) Orc:2
   Lair: D:8-11

Altars:
Hepliaklqana
Makhleb
Nemelex Xobeh
Vehumet
Xom
Zin


Innate Abilities, Weirdness & Mutations

You are too large for most types of armour.
You have tough skin. (AC +1)


Message History

You barely miss the warg.
The warg is moderately wounded.
The warg bites you!
* * * LOW HITPOINT WARNING * * *
You hit the warg.
The warg is heavily wounded.
The warg barely misses you.
You barely miss the warg.
The warg is heavily wounded.
The warg bites you but does no damage.
You barely miss the warg.
The warg is heavily wounded.
You are no longer berserk.
You are exhausted.
You feel yourself slow down. The warg bites you!
* * * LOW HITPOINT WARNING * * *
You barely miss the warg.
The warg is heavily wounded.
The warg bites you!
You die...

### ##.## #### ###
##...# ###..####.#
##...####.....##...
#........)[.....#.#
#..................
##.#...............
##))..#..#.........
#h@[.............^.
##))..........#....
#....[.........#.#.
#....[[.....#.###.#
#....[.............
#......[..........#
##.......#......#.#
#..................
##.................


You could see a warg.

Vanquished Creatures
  A two-headed ogre (D:10)
  An orc knight (Orc:2)
  2 orc sorcerers
  A cyclops (D:10)
  2 trolls (D:10)
  A hippogriff (D:9)
  A spriggan (D:8)
  A hungry ghost (D:10)
  A steam dragon (D:10)
  4 wargs
  Menkaure (D:4)
  Purgy (Sewer)
  8 ogres
  4 ice beasts
  4 phantoms
  An eye of draining (D:10)
  A sky beast (D:6)
  A black bear (D:6)
  10 orc warriors
  A necrophage (D:8)
  3 centaurs
  A big kobold (D:10)
  4 bullfrogs
  5 scorpions
  5 killer bees (D:6)
  5 wights
  A howler monkey (D:4)
  3 crimson imps
  2 bullfrog zombies
  4 jellies
  2 quasits (D:6)
  A centaur zombie (D:6)
  10 hounds
  8 orc priests
  A bullfrog skeleton (D:10)
  A centaur skeleton (D:9)
  Crazy Yiuf (D:4)
  4 iguanas
  8 worker ants
  Ijyb (D:4)
  21 orc wizards
  A killer bee zombie (D:9)
  3 hound skeletons
  A howler monkey skeleton (D:9)
  2 worker ant zombies
  15 adders
  4 gnolls (D:5)
  2 shadow imps
  An ooze (D:5)
  2 adder skeletons
  4 worms
  3 dart slugs
  9 leopard geckos
  72 orcs
  3 ball pythons
  3 bats
  10 giant cockroaches
  4 goblins
  7 hobgoblins
  9 jackals
  13 kobolds
  5 quokkas
  6 frilled lizards
  2 quokka skeletons
  3 rats
322 creatures vanquished.

Notes
Turn   | Place    | Note
-------+----------+-------------------------------------------
     0 | D:1      | galech the Ogre Berserker began the quest for the Orb.
     0 | D:1      | Reached XP level 1. HP: 24/24 MP: 1/1
   137 | D:1      | Reached XP level 2. HP: 25/32 MP: 2/2
   923 | D:2      | Reached XP level 3. HP: 39/39 MP: 3/3
  1090 | D:2      | Reached ** piety under Trog
  2123 | D:3      | Reached XP level 4. HP: 33/49 MP: 4/4
  2472 | D:3      | Found a hazy altar of Hepliaklqana.
  3173 | D:4      | Reached XP level 5. HP: 42/55 MP: 5/5
  3546 | D:4      | Reached skill level 5 in Fighting
  3588 | D:4      | Reached XP level 6. HP: 18/66 MP: 6/6
  3600 | D:4      | Reached skill level 1 in Stealth
  3926 | D:4      | Noticed Ijyb
  3951 | D:4      | Killed Ijyb
  4206 | D:4      | Noticed Menkaure
  4218 | D:4      | Killed Menkaure
  4218 | D:4      | Reached skill level 6 in Fighting
  4218 | D:4      | Reached skill level 5 in Maces & Flails
  4218 | D:4      | Reached XP level 7. HP: 57/75 MP: 7/7
  4753 | D:4      | Found a runed door.
  5059 | D:4      | Noticed Crazy Yiuf
  5064 | D:4      | Killed Crazy Yiuf
  5119 | D:5      | Entered Level 5 of the Dungeon
  5291 | D:5      | Reached skill level 5 in Dodging
  5355 | D:5      | Reached XP level 8. HP: 34/84 MP: 8/8
  5418 | D:5      | Reached skill level 7 in Fighting
  5630 | D:5      | Found a glowing drain.
  5639 | Sewer    | Entered a sewer
  5763 | Sewer    | Noticed Purgy
  5781 | Sewer    | Killed Purgy
  6452 | D:6      | Reached skill level 1 in Armour
  6810 | D:6      | Found a sparkling altar of Nemelex Xobeh.
  6843 | D:6      | Found a radiant altar of Vehumet.
  6850 | D:6      | Reached skill level 8 in Fighting
  6956 | D:6      | Reached XP level 9. HP: 96/96 MP: 9/9
  7121 | D:6      | Reached *** piety under Trog
  8208 | D:6      | Reached skill level 9 in Fighting
  8503 | D:6      | Reached **** piety under Trog
  9265 | D:7      | Found a staircase to the Ecumenical Temple.
  9414 | D:8      | Reached XP level 10. HP: 80/106 MP: 10/10
  9561 | D:8      | Found a glowing silver altar of Zin.
 10380 | D:9      | Reached skill level 10 in Fighting
 10411 | D:9      | Found a burning altar of Makhleb.
 10523 | D:9      | Reached ***** piety under Trog
 10712 | D:10     | Entered Level 10 of the Dungeon
 10887 | D:10     | Found a staircase to the Orcish Mines.
 11010 | D:10     | Noticed a two-headed ogre
 11022 | D:10     | Killed a two-headed ogre
 11050 | D:10     | Noticed a cyclops
 11154 | D:10     | Killed a cyclops
 11154 | D:10     | Reached skill level 11 in Fighting
 11154 | D:10     | Reached skill level 10 in Maces & Flails
 11154 | D:10     | Reached XP level 11. HP: 68/119 MP: 11/11
 11220 | D:10     | Received a gift from Trog
 12001 | D:10     | Found a shimmering altar of Xom.
 12085 | Orc:1    | Entered Level 1 of the Orcish Mines
 12118 | Orc:1    | HP: 1/119 [something/puff of flame (6)]
 12124 | D:10     | HP: 5/119 [something/magic dart (7)]
 12130 | D:10     | HP: 3/119 [orc wizard/magic dart (7)]
 12518 | Orc:1    | Noticed an orc sorcerer
 12529 | Orc:1    | Paralysed by an orc sorcerer for 5 turns
 12535 | Orc:1    | Killed an orc sorcerer
 12754 | Orc:2    | Entered Level 2 of the Orcish Mines
 12953 | Orc:1    | HP: 3/122 [warg (18)]
 12955 | Orc:1    | HP: 1/183 [warg (6)]
 13318 | Orc:2    | Noticed an orc knight
 13526 | Orc:2    | Killed an orc knight
 13526 | Orc:2    | Reached skill level 12 in Fighting
 13560 | Orc:2    | Noticed an orc sorcerer
 13644 | Orc:2    | Noticed a sun demon
 13644 | Orc:2    | Killed an orc sorcerer
 13714 | Orc:2    | Found a staircase to the Elven Halls.
 13727 | Orc:2    | Noticed an orc knight
 13768 | Orc:1    | HP: 6/122 [warg[an orc knight] (13)]
 13769 | Orc:1    | Slain by a warg

Vault maps used:
D:1:      scummos_arrival_forest
D:2:      nicolae_overflow_hidden_temple
D:3:      lemuel_crystal_altar, first_ration
D:4:      grunt_ministairs_10, uniq_ijyb, uniq_menkaure, uniq_crazy_yiuf_cottage
D:5:      cheibrodos_sewer_entry_bend
D:6:      kennysheep_mini, basic_altar
D:7:      temple_green
D:8:      lemuel_doored_altar, the_bakery
D:9:      makhleb_heckhound_becter
D:10:     minmay_orc_entry_guard_dogs, basic_altar, special_room,
          minmay_checkerbox
Orc:2:    pf_orc_diabolical, roderic_batcave, nicolae_orc_rockfall,
          abandoned_shop
Sewer:    sewer_co_purgy_island

Skill      XL: |  1  2  3  4  5  6  7  8  9 10 11 |
---------------+----------------------------------+-----
Maces & Flails | 3 4 5 6 7 10 | 10.5
Dodging        | 3 4 5 6 7 |  7.9
Fighting       | 5 6 8 9 11 12 | 12.1
Stealth        | 1 2 3 |  3.2
Armour         | 1 3 4 |  4.7
Unarmed Combat | |  0.9

Action                   |  1- 3 |  4- 6 |  7- 9 | 10-12 || total
-------------------------+-------+-------+-------+-------++-------
Melee: Mace              |    98 |    55 |    63 |   464 ||   680
       Whip              |       |   101 |   590 |       ||   691
       Unarmed           |       |    19 |       |       ||    19
       Punch             |       |       |     5 |     2 ||     7
Invok: Berserk           |     3 |     3 |    14 |    15 ||    35
       Trog's Hand       |       |     3 |     7 |     3 ||    13
  Use: Scroll            |       |       |       |    10 ||    10
 Stab: Sleeping          |       |     1 |     1 |     2 ||     4
       Distracted        |       |       |     1 |       ||     1
  Eat: Chunk             |     5 |    11 |    27 |    34 ||    77
       Ration            |       |       |     2 |       ||     2
Armor: Animal skin       |    47 |    28 |    17 |       ||    92
       Skin              |       |     1 |       |       ||     1
       Troll leather arm |       |       |   258 |   125 ||   383
Dodge: Dodged            |    76 |    88 |   417 |   278 ||   859

Table legend:
 A = Spawn XP
 B = Non-spawn XP
 C = Spawn XP percentage of total XP
 D = Spawn monster count
 E = Non-spawn monster count
 F = Spawn count percentage of total count
 G = Total turns spent on level
                    A         B        C        D         E        F      G
               +---------+---------+-------+---------+---------+-------+---------
         Total |       0 |   14589 |   0.0 |       0 |     322 |   0.0 | 13769
               +---------+---------+-------+---------+---------+-------+---------
           D:1 |       0 |      26 |   0.0 |       0 |      14 |   0.0 |   595
           D:2 |       0 |      30 |   0.0 |       0 |       9 |   0.0 |   974
           D:3 |       0 |      65 |   0.0 |       0 |      21 |   0.0 |  1578
           D:4 |       0 |     889 |   0.0 |       0 |      34 |   0.0 |  1972
           D:5 |       0 |     595 |   0.0 |       0 |      16 |   0.0 |  1136
           D:6 |       0 |    2326 |   0.0 |       0 |      61 |   0.0 |  2276
           D:7 |       0 |     392 |   0.0 |       0 |      16 |   0.0 |   581
           D:8 |       0 |     941 |   0.0 |       0 |      28 |   0.0 |   813
           D:9 |       0 |    1316 |   0.0 |       0 |      27 |   0.0 |   626
          D:10 |       0 |    4477 |   0.0 |       0 |      60 |   0.0 |  1674
         Orc:1 |       0 |    2056 |   0.0 |       0 |      23 |   0.0 |  1004
         Orc:2 |       0 |    1327 |   0.0 |       0 |       6 |   0.0 |   293
         Sewer |       0 |     149 |   0.0 |       0 |       7 |   0.0 |   247
               +---------+---------+-------+---------+---------+-------+---------
